 Dungeon Crawl Stone Soup version 0.29-a0-870-g2c972031a6 (webtiles) character file.

Game seed: 7240181074050493040

864 Brionac the Slasher (level 8, -2/50 HPs)
             Began as a Gargoyle Berserker on July 17, 2022.
             Was a Believer of Trog.
             Slain by an ice beast (14 damage)
             ... on level 6 of the Dungeon.
             The game lasted 00:25:41 (5274 turns).

Brionac the Slasher (Gargoyle Berserker)            Turns: 5274, Time: 00:25:41

Health: -2/50      AC: 15    Str: 23    XL:     8   Next: 3%
Magic:  8/8        EV:  8    Int:  8    God:    Trog [**....]
Gold:   224        SH:  0    Dex:  9    Spells: 7/7 levels left

rFire   . . .      SeeInvis .   a - +0 falchion
rCold   . . .      Faith    .   (no shield)
rNeg    + . .      Spirit   .   e - +0 chain mail
rPois   ∞          Reflect  .   (no helmet)
rElec   +          Harm     .   (no cloak)
rCorr   +          Rampage  .   (no gloves)
Will    .....                   (no boots)
Stlth   ..........              (no amulet)
HPRegen 0.16/turn               p - ring of resist corrosion
MPRegen 0.11/turn               (no ring)

@: no status effects
A: sickness immunity, AC +5, negative energy resistance 1, electricity
resistance, torment resistance 1, petrification resistance
a: Renounce Religion, Berserk, Trog's Hand


You were on level 6 of the Dungeon.
You worshipped Trog.
Trog was pleased with you.
You visited 1 branch of the dungeon, and saw 6 of its levels.
You also visited: Sewer.

You collected 224 gold pieces.

Inventory:

Hand Weapons
 a - a +0 falchion (weapon)
Armour
 e - a +0 chain mail (worn)
 v - the +2 ratskin cloak {*Rats rPois rN+ Str-1 Int-1 Dex+1}
   (You found it on level 6 of the Dungeon)

   When the wearer is hurt, rats may emerge from it to assist them.
   Str:       It affects your strength (-1).
   Int:       It affects your intelligence (-1).
   Dex:       It affects your dexterity (+1).
   rPois:     It protects you from poison.
   rN:        It protects you from negative energy.
Jewellery
 p - a ring of resist corrosion (left hand)
Wands
 j - a wand of light (12)
 l - a wand of mindburst (15)
Scrolls
 b - a scroll of magic mapping {unknown}
 c - 2 scrolls of teleportation {unknown}
 d - 2 scrolls of immolation {unknown}
 f - a scroll of poison {unknown}
 i - 4 scrolls of identify {unknown}
 q - a scroll of acquirement {unknown}
Potions
 g - 2 potions of haste {unknown}
 h - 7 potions of brilliance {unknown}
 k - a potion of mutation {unknown}
 m - a potion of heal wounds {unknown}
 n - 2 potions of curing {unknown}
 o - a potion of resistance {unknown}
 r - a potion of magic {unknown}
 s - a potion of cancellation {unknown}
 t - a potion of attraction {unknown}
 u - a potion of degeneration {unknown}


   Skills:
 + Level 5.4 Fighting
 + Level 6.0 Long Blades
 + Level 4.8 Armour
 + Level 2.8 Dodging
 + Level 1.4 Stealth


You had 7 spell levels left.
You didn't know any spells.
Your spell library was empty.

Dungeon Overview and Level Annotations

Branches:
Dungeon (6/15)              Sewer (visited)
 Temple: D:4-7

Altars:
Fedhas
Gozag
Qazlal
Xom

Shops:
D:1 !   D:5 *

Annotations:
D:4 Grinder


Innate Abilities, Weirdness & Mutations

You are immune to sickness and miasma.
Your stone body is resilient. (AC +5)
You are immune to poison.
You resist negative energy. (rN+)
You are resistant to electric shocks. (rElec)
You are resistant to unholy torment.
You are immune to petrification.


Message History

You barely miss the ice beast.
The ice beast is lightly wounded.
The ice beast hits you but does no damage.
You hit the ice beast.
The ice beast is lightly wounded.
The ice beast hits you but does no damage.
You hit the ice beast.
The ice beast is moderately wounded.
The ice beast hits you but does no damage.
You closely miss the ice beast.
The ice beast is moderately wounded.
The ice beast hits you but does no damage.
You closely miss the ice beast.
The ice beast is moderately wounded.
The ice beast hits you but does no damage.
You barely miss the ice beast.
The ice beast is moderately wounded.
The ice beast hits you but does no damage.
You hit the ice beast.
The ice beast is moderately wounded.
The ice beast completely misses you.
You slash the ice beast!
The ice beast is severely wounded.
The ice beast hits you. The ice beast freezes you!
You hit the ice beast.
The ice beast is severely wounded.
The ice beast barely misses you.
You closely miss the ice beast.
The ice beast is severely wounded.
The ice beast hits you but does no damage.
You closely miss the ice beast.
The ice beast is severely wounded.
The ice beast hits you. The ice beast freezes you!
* * * LOW HITPOINT WARNING * * *
The ice beast attacks as you move away!
The ice beast hits you but does no damage.
The ice beast attacks as you move away! The ice beast hits you.
* * * LOW HITPOINT WARNING * * *
The ice beast freezes you!
You die...

#.......#....# ..
#.........♣.##
#....####...# #....#
###.## . #....# #....# ..
#....###....### ...
####..........#######...#
####..............#...#
#.......@Y..........#....
#.....(...........#...#..
#.......................#
#..................#.#...
#......................#.
##..................#...
#.........###.........#.
#.........# #<....#.#..


You could see an ice beast.

Vanquished Creatures
  Sigmund (D:2)
  A centaur (D:5)
  A kobold brigand (Sewer)
  2 scorpions (D:4)
  4 crimson imps (D:4)
  2 jellies (D:6)
  A hound (D:5)
  An orc priest (D:3)
  13 adders
  A river rat (D:6)
  A white imp (D:6)
  An ufetubus (D:5)
  2 worms
  A dart slug (D:2)
  5 orcs
  12 ball pythons
  A bat (D:3)
  7 endoplasms
  A giant cockroach (D:1)
  3 goblins
  A hobgoblin (D:2)
  3 frilled lizards
  5 kobolds
  5 rats
75 creatures vanquished.

Notes
Turn   | Place    | Note
-------+----------+-------------------------------------------
     0 | D:1      | Brionac the Gargoyle Berserker began the quest for the Orb.
     0 | D:1      | Reached XP level 1. HP: 14/14 MP: 1/1
   173 | D:1      | Found Beat's Distillery.
   185 | D:1      | You fall into a shaft and drop 1 floor!
   225 | D:2      | Reached skill level 3 in Long Blades
   225 | D:2      | Reached XP level 2. HP: 9/19 MP: 2/2
   638 | D:2      | Reached XP level 3. HP: 18/24 MP: 3/3
  1138 | D:2      | Noticed Sigmund
  1176 | D:2      | Killed Sigmund
  1177 | D:2      | Reached XP level 4. HP: 19/30 MP: 4/4
  1177 | D:2      | Reached XP level 5. HP: 22/34 MP: 5/5
  1350 | D:2      | Reached skill level 4 in Long Blades
  1915 | D:3      | Noticed a fire elemental
  1920 | D:3      | Found a stormy altar of Qazlal.
  1921 | D:3      | Noticed a water elemental
  1921 | D:3      | Noticed an air elemental
  2247 | D:3      | Reached ** piety under Trog
  2448 | D:3      | Reached XP level 6. HP: 20/39 MP: 6/6
  3020 | D:4      | Found a shimmering altar of Xom.
  3181 | D:4      | Reached skill level 5 in Fighting
  3181 | D:4      | Reached skill level 1 in Stealth
  3181 | D:4      | Reached XP level 7. HP: 35/44 MP: 7/7
  3377 | D:4      | Reached skill level 5 in Long Blades
  3404 | D:4      | Noticed Grinder
  3410 | D:5      | Entered Level 5 of the Dungeon
  3596 | D:5      | Found an opulent altar of Gozag.
  3614 | D:5      | Found Gozag's Platinum Reserve.
  3924 | D:5      | Found a blossoming altar of Fedhas.
  4465 | D:6      | Found a glowing drain.
  4476 | Sewer    | Entered a sewer
  5034 | D:6      | Reached skill level 6 in Long Blades
  5034 | D:6      | Reached XP level 8. HP: 41/50 MP: 8/8
  5207 | D:6      | Found the +2 ratskin cloak {*Rats rPois rN+ Str-1 Int-1
                  | Dex+1}
  5274 | D:6      | Slain by an ice beast

Illustrated notes

Levels and vault maps discovered:
D:1:      minmay_arrival_up_and_down, layout_loops_ring, serial_shops, shop,
          ebering_ecumenical_altar_rust
D:2:      layout_basic, chequers_arboretum, minmay_increasing_density,
          uniq_sigmund
D:3:      layout_loops_ring, nicolae_qazlal_style_of_elements,
          kennysheep_generic_room_15
D:4:      layout_basic, okawaru_trees_1, led_xom_imps, uniq_pikel, uniq_grinder
D:5:      layout_loops_corners, fedhas_altar_3, nicolae_gozag_zags_fifth_avenue,
          minmay_misc_feat_tower
D:6:      layout_basic, gammafunk_ghost_abyssal_escape, gup_sewer_entry_bowl,
          serial_bayou_pond_a, st_stairs_1, nicolae_kite_square_tiling_tiny,
          grunt_ministairs_13

Skill      XL: |  1  2  3  4  5  6  7 |
---------------+----------------------+-----
Long Blades    | 3 4 6 |  6.0
Fighting       | 4 5 |  5.4
Armour         | 3 4 |  4.8
Dodging        | 2 |  2.8
Stealth        | 1 |  1.4

Action                   |  1- 3 |  4- 6 |  7- 9 || total
-------------------------+-------+-------+-------++-------
Melee: Falchion          |    56 |   215 |   234 ||   505
       Punch             |     1 |     4 |     2 ||     7
Invok: Berserk           |     1 |     1 |     2 ||     4
 Stab: Invisible         |       |     1 |       ||     1
Armor: Animal skin       |     4 |       |       ||     4
       Chain mail        |    18 |   157 |   168 ||   343
Dodge: Dodged            |    22 |   109 |   101 ||   232

Table legend: (Time is in decaauts)
 A = Elapsed time spent in this place.
 B = Non-inter-level travel time spent in this place.
 C = Inter-level travel time spent in this place.
 D = Time resting spent in this place.
 E = Time spent auto-exploring this place.
 F = Levels seen in this place.
 G = Mean time per level.
                   A        B        C        D        E       F      G
               +--------+--------+--------+--------+--------+-----+--------+
         Total |   5413 |   5339 |     74 |    823 |   3417 |   7 |  773.3 |
       Dungeon |   4829 |   4755 |     74 |    661 |   3201 |   6 |  804.8 |
         Sewer |    584 |    584 |      0 |    162 |    215 |   1 |  584.0 |
               +--------+--------+--------+--------+--------+-----+--------+

Top non-repeatable levels by time:
     D:2: 1514 daAuts
     D:5: 972 daAuts
     D:3: 968 daAuts
     D:4: 799 daAuts
   Sewer: 584 daAuts
     D:6: 388 daAuts
     D:1: 186 daAuts
